 Dungeon Crawl Stone Soup version 0.27-a0-1278-g6cbc8dfb29 (webtiles) character file.

Game seed: 10438639113203593578

1316 spiderkeys the Skirmisher (level 8, -1/68 HPs)
             Began as a Palentonga Delver on June 12, 2021.
             Was an Initiate of Ashenzari.
             Slain by a vampire (3 damage)
             ... on level 5 of the Dungeon.
             The game lasted 00:13:57 (5716 turns).

spiderkeys the Skirmisher (Palentonga Delver)       Turns: 5716, Time: 00:13:58

Health: -1/68      AC: 16    Str: 29    XL:     8   Next: 33%
Magic:  0/8        EV: 11    Int: 11    God:    Ashenzari [......]
Gold:   196        SH:  0    Dex: 12    Spells: 3/7 levels left

rFire    . . .     SeeInvis +   k - +5 club (spect)
rCold    . . .     Faith    .   (no shield)
rNeg     . . .     Spirit   +   i - +2 leather armour {rPois}
rPois    +         Reflect  .   (no helmet)
rElec    .         Harm     .   o - +2 cloak of Supernal Gnosis {rPois, Range, Bglg} (curse)
rCorr    .         Rampage  .   (no gloves)
Will     .....                  (no barding)
Stlth    +.........             G - amulet of guardian spirit
HPRegen  0.21/turn              S - +6 ring of strength
MPRegen  0.11/turn              s - +6 ring of strength

@: confused, curled up
A: large, rugged brown scales 3, see invisible, deformed body, roll 1, armoured
tail, reflexive curl
a: Rolling Charge, Renounce Religion, Curse Item, Shatter the Chains


You were on level 5 of the Dungeon.
You worshipped Ashenzari.
Ashenzari was noncommittal.
You visited 2 branches of the dungeon, and saw 6 of its levels.

You collected 196 gold pieces.


Innate Abilities, Weirdness & Mutations

You are completely covered in rugged brown scales. (AC +3, +7% HP)
You have supernaturally acute eyesight. (SInv)
Armour fits poorly on your strangely shaped body.
You can roll at nearby foes to attack.
You have a long armoured tail.
You curl defensively after being hit.


   Skills:
 + Level 6.0 Fighting
 - Level 3.4 Long Blades
 + Level 5.5 Maces & Flails
 + Level 0.6(0.9) Bows
 + Level 4.4 Dodging
 - Level 3.3 Stealth
 + Level 1.4(1.9) Hexes
 + Level 1.6(2.0) Translocations


You had 3 spell levels left.
You knew the following spells:

 Your Spells              Type           Power      Damage    Failure   Level
s - Slow                  Hex            4%         N/A       28%         2
B - Blink                 Tloc           N/A        N/A       26%         2

Your spell library contained the following spells:

 Spells                   Type           Power      Damage    Failure   Level
 Magic Dart               Conj           0%         1d3       36%         1
 Call Imp                 Summ           0%         N/A       52%         2
 Conjure Flame            Conj/Fire      0%         6-21      75%         3
 Mephitic Cloud           Conj/Pois/Air  0%         N/A       75%         3

Inventory:

Hand Weapons
 k - a +5 spectral club (weapon)
   (You took it off Ijyb on level 5 of the Dungeon)
 m - a +3 morningstar of holy wrath
   (You took it off an orc on level 5 of the Dungeon)
 B - a +0 shortbow
   (You took it off a centaur on level 5 of the Dungeon)
Missiles
 b - 12 poisoned darts
 l - 166 stones
 q - 69 arrows
 x - 34 sling bullets
 A - 2 silver boomerangs
Armour
 i - a +2 leather armour of poison resistance (worn)
   (You found it on level 5 of the Dungeon)
 o - the cursed +2 cloak of Supernal Gnosis (worn) {rPois, Range, Bglg}
   (You found it on level 2 of the Dungeon)

   It has a curse which improves the following skills: Ranged Combat: Slings,
   Bows, Crossbows and Throwing.
   Beguiling: Conjurations, Hexes and Translocations.
Jewellery
 s - a +6 ring of strength (right hand)
   (You found it on level 1 of the Dungeon)
 G - an amulet of guardian spirit (around neck)
   (You found it on level 4 of the Dungeon)
 S - a +6 ring of strength (left hand)
   (You found it on level 5 of the Dungeon)
 W - a ring of magical power
   (You found it on level 3 of the Dungeon)
Wands
 f - a wand of paralysis (8)
   (You took it off Ijyb on level 5 of the Dungeon)
 g - a wand of digging (3)
Scrolls
 c - 2 scrolls of fog
 d - a scroll of magic mapping {!r}
 e - 2 scrolls of fear
 h - a scroll of amnesia
 n - 5 scrolls of enchant weapon
 p - 2 scrolls of teleportation {@r4}
 r - 2 scrolls of vulnerability {!r!r}
 v - a scroll of enchant armour
 w - a scroll of identify {@r1}
 y - a scroll of silence {!r}
Potions
 j - 2 potions of mutation {!q}
 t - 2 potions of might
 u - a potion of cancellation
 z - a potion of haste {@q3}

Dungeon Overview and Level Annotations

Branches:
Dungeon (5/15)             Temple (1/1) D:5

Altars:
Ashenzari
Dithmenos
Elyvilon
Hepliaklqana
Kikubaaqudgha
Nemelex Xobeh
Okawaru
Qazlal
Ru
Sif Muna
Trog
Wu Jian
Yredelemnul
Zin

Shops:
D:4 ( D:5

? #..≈...≈)###.
#............
#.##.#.###### #......#
######.# ########.#
.........#
..################..#
........V@..........######
..........................
..#####.#######.##.#######
#.# #.#.........
#########.##..######
#.......#........
###.#...#.#.##### #
#...#....#..####
#8#######...####....##..


You could see a vampire.


Message History

You take 8 damage, and now have 54/68 hp.
You lost 1 mp, and now have 7/8 mp.
You barely miss the vampire.
Your spectral +5 spectral club hits the vampire!
The vampire hits you!
The vampire bites you but does no damage. 😮 HP[-9] MP[-1]
You take 9 damage, and now have 45/68 hp.
You lost 1 mp, and now have 6/8 mp.
You are too injured to fight recklessly!
You are too injured to fight recklessly!
You are too injured to fight recklessly!
You are too injured to fight recklessly!
You hit the vampire.
Your spectral +5 spectral club hits the vampire but does no damage.
The vampire points at you and mumbles some strange words.
You are confused.
You hit the vampire but do no damage.
Your spectral +5 spectral club hits the vampire but does no damage.
The vampire draws life force from you!
* * * LOW HITPOINT WARNING * * *
The vampire is healed by the life force!
The vampire gestures at you while chanting.
You are more confused. 😨 HP[-11] MP[-2]
You take 11 damage, and now have 34/68 hp.
You lost 2 mp, and now have 4/8 mp.
You hit your spectral +5 spectral club but do no damage.
Your spectral +5 spectral club hits itself but does no damage.
The vampire hits you!
* * * LOW HITPOINT WARNING * * *
The vampire barely misses you. 😨 HP[-6] MP[-1]
You take 6 damage, and now have 28/68 hp.
You lost 1 mp, and now have 3/8 mp.
You bump into the rock wall.
The vampire completely misses you.
The vampire bites you but does no damage.
Okay, then.
You feel better. The vampire hits you.
* * * LOW HITPOINT WARNING * * *
The vampire bites you.
* * * LOW HITPOINT WARNING * * *
The vampire draws strength from your injuries! 😨 HP[-1]
You take 1 damage, and now have 27/68 hp.
You closely miss the vampire.
Your spectral +5 spectral club hits the vampire but does no damage.
The vampire hits you but does no damage.
The vampire closely misses you. 😨 MP[+1]
You hit the vampire but do no damage.
Your spectral +5 spectral club hits the vampire but does no damage.
The vampire hits you!
* * * LOW HITPOINT WARNING * * *
The vampire bites you but does no damage. 😨 HP[-6] MP[-1]
You take 6 damage, and now have 21/68 hp.
You lost 1 mp, and now have 3/8 mp.
You hit the vampire but do no damage.
Your spectral +5 spectral club hits the vampire but does no damage.
The vampire hits you but does no damage.
The vampire bites you.
* * * LOW HITPOINT WARNING * * *
The vampire draws strength from your injuries! 😨 HP[-3] MP[-1]
You take 3 damage, and now have 18/68 hp.
You lost 1 mp, and now have 2/8 mp.
You hit the vampire but do no damage.
Your spectral +5 spectral club hits the vampire.
The vampire casts a spell at you.
You are confused.
Okay, then.
You are too confused!
You closely miss the vampire.
Your tail-slap misses the vampire.
Your spectral +5 spectral club barely misses the vampire.
The vampire hits you but does no damage.
The vampire closely misses you. 😨 HP[+1]
You hit the vampire but do no damage. You tail-slap the vampire.
Your spectral +5 spectral club completely misses the vampire.
The vampire closely misses you.
The vampire bites you but does no damage.
The vampire closely misses you. The vampire bites you!
* * * LOW HITPOINT WARNING * * *
The vampire draws strength from your injuries! 😱 HP[-8] MP[-1]
You take 8 damage, and now have 11/68 hp.
You lost 1 mp, and now have 1/8 mp.
You completely miss the vampire.
Your tail-slap misses the vampire.
Your spectral +5 spectral club hits the vampire.
The vampire draws life force from you!
* * * LOW HITPOINT WARNING * * *
The vampire is healed by the life force! 😱 HP[-9] MP[-1]
You take 9 damage, and now have 2/68 hp.
You lost 1 mp, and now have 0/8 mp.
Okay, then.
You bump into the rock wall.
The vampire barely misses you. The vampire bites you.
You die...

Skill      XL: |  1  2  3  4  5  6  7  8 |
---------------+-------------------------+-----
Dodging        | 2 3 4 |  4.4
Long Blades    | 3 |  3.4
Fighting       | 4 5 6 |  6.0
Maces & Flails | 3 5 |  5.5
Hexes          | 1 |  1.4
Translocations | 1 |  1.6
Bows           | |  0.6
Stealth        | |  3.3

Action                   |  1- 3 |  4- 6 |  7- 9 || total
-------------------------+-------+-------+-------++-------
Melee: Falchion          |    20 |    19 |       ||    39
       Tailslap          |     6 |    17 |    27 ||    50
       Club              |       |    83 |   150 ||   233
Throw: Dart              |       |     2 |     2 ||     4
Invok: Curse Item        |       |       |     1 ||     1
 Abil: Rolling Charge    |     2 |     7 |       ||     9
  Use: Potion            |     1 |       |     1 ||     2
       Scroll            |       |     1 |       ||     1
 Stab: Sleeping          |       |     7 |    13 ||    20
Armor: Leather armour    |     4 |    41 |    62 ||   107
Dodge: Dodged            |     9 |    39 |    70 ||   118
       Rpst.: Falchion   |     3 |     3 |       ||     6

Levels and vault maps discovered:
D:1:      lightli_arrival_statuegarden, layout_basic
D:2:      layout_loops_ring, basic_ecumenical_altar, minmay_split_cup_large,
          uniq_jessica, uniq_crazy_yiuf_cottage, uniq_terence, uniq_sigmund
D:3:      layout_basic, nzn_wu_jian_contemplation,
          nicolae_sif_muna_condensation, grunt_ministairs_15, uniq_grinder
D:4:      layout_basic, serial_shops, shop
D:5:      layout_basic, lemuel_doored_altar, nicolae_qazlal_scattered_showers,
          minmay_temple_entry_wispy, serial_shops, kennysheep_little_box,
          lemuel_flamethrower_1, uniq_ijyb
Temple:   cyrus_temple_forest

Notes
Turn   | Place    | Note
-------+----------+-------------------------------------------
     0 | D:5      | spiderkeys the Palentonga Delver began the quest for the
                  | Orb.
     0 | D:5      | Reached XP level 1. HP: 19/19 MP: 1/1
     0 | D:5      | magus.rc [v1.9.10]
    17 | D:5      | Found a staircase to the Ecumenical Temple.
    31 | Temple   | Entered the Ecumenical Temple
    72 | Temple   | Became a worshipper of Ashenzari the Shackled
   170 | D:5      | Noticed Ijyb
   180 | D:5      | Noticed a scorpion
   184 | D:5      | Killed Ijyb
   185 | D:5      | Reached skill level 2 in Dodging
   185 | D:5      | Reached XP level 2. HP: 15/25 MP: 2/2
   185 | D:5      | Reached XP level 3. HP: 19/31 MP: 3/3
   484 | D:5      | Killed a scorpion
   485 | D:5      | Reached skill level 3 in Long Blades
   485 | D:5      | Reached XP level 4. HP: 27/39 MP: 4/4
   584 | D:5      | Reached skill level 4 in Fighting
   794 | D:5      | Reached XP level 5. HP: 44/44 MP: 5/5
   811 | D:5      | Found Iceon's Magic Scroll Shoppe.
  1145 | D:4      | Reached skill level 1 in Maces & Flails
  1200 | D:3      | Reached skill level 3 in Dodging
  1213 | D:2      | Noticed Terence
  1219 | D:2      | Killed Terence
  1220 | D:2      | Reached skill level 2 in Maces & Flails
  1355 | D:2      | Noticed Sigmund
  1359 | D:2      | Noticed Jessica
  1362 | D:2      | Killed Sigmund
  1363 | D:2      | Reached skill level 3 in Maces & Flails
  1363 | D:2      | Reached XP level 6. HP: 39/52 MP: 6/6
  1383 | D:2      | Killed Jessica
  2308 | D:2      | Found a faded altar of an unknown god.
  2342 | D:2      | Found a runed translucent door.
  2343 | D:2      | Noticed Crazy Yiuf
  2773 | D:2      | Killed Crazy Yiuf
  2774 | D:2      | Reached skill level 5 in Fighting
  2774 | D:2      | Gained mutation: You curl defensively after being hit.
                  | [Palentonga growth]
  2774 | D:2      | Reached XP level 7. HP: 45/59 MP: 7/7
  3213 | D:3      | You pick up a book of Minor Magic and begin reading...
  3213 | D:3      | You add the spells Magic Dart, Blink, Call Imp, Slow,
                  | Conjure Flame and Mephitic Cloud to your library.
  3219 | D:3      | Found an ornate altar of the Wu Jian Council.
  3376 | D:3      | Noticed Grinder
  3389 | D:3      | Killed Grinder
  3390 | D:3      | Reached skill level 4 in Maces & Flails
  3390 | D:3      | Reached skill level 4 in Dodging
  3708 | D:3      | Found a shimmering blue altar of Sif Muna.
  4285 | D:4      | Found Duh Wake's Antique Weapon Shoppe.
  4306 | D:4      | Learned a level 2 spell: Slow
  4342 | D:4      | Reached skill level 5 in Maces & Flails
  4425 | D:4      | Learned a level 2 spell: Blink
  5016 | D:5      | Reached XP level 8. HP: 68/68 MP: 8/8
  5159 | D:5      | Reached skill level 1 in Hexes
  5159 | D:5      | Reached skill level 1 in Translocations
  5515 | D:5      | Found a sacrificial altar of Ru.
  5575 | D:5      | Found a stormy altar of Qazlal.
  5579 | D:5      | Reached skill level 6 in Fighting
  5713 | D:5      | HP: 11/68 [vampire (8)]
  5714 | D:5      | HP: 2/68 [vampire/vampiric draining (9)]
  5716 | D:5      | Slain by a vampire

Vanquished Creatures
  Grinder (D:3)
  Sigmund (D:2)
  An ogre (D:5)
  A centaur (D:5)
  A scorpion (D:5)
  A water moccasin zombie (D:5)
  A howler monkey (D:3)
  A centaur zombie (D:3)
  4 hounds
  Crazy Yiuf (D:2)
  A jelly (D:5)
  2 orc priests (D:4)
  Jessica (D:2)
  Terence (D:2)
  2 orc wizards
  Ijyb (D:5)
  A hound skeleton (D:4)
  3 gnolls (D:3)
  7 adders
  4 ufetubi (D:5)
  2 adder skeletons (D:4)
  A worm (D:4)
  A dart slug (D:4)
  14 orcs
  6 ball pythons
  6 bats
  9 endoplasms
  4 goblins
  11 hobgoblins
  4 jackals (D:3)
  7 quokkas
  A frilled lizard (D:2)
  2 kobolds
  4 rats
108 creatures vanquished.

Table legend:
 A = Non-vault XP
 B = Vault XP
 C = Vault XP percentage of total XP
 D = Non-vault monster count
 E = Vault monster count
 F = Vault count percentage of total count
                 A         B        C        D         E       F
            +---------+---------+-------+---------+---------+-------
      Total |    1191 |     689 |  36.6 |      96 |      12 |  11.1
            +---------+---------+-------+---------+---------+-------
        D:1 |      27 |       0 |   0.0 |      14 |       0 |   0.0
        D:2 |      42 |     372 |  89.9 |      18 |       8 |  30.8
        D:3 |     213 |     284 |  57.1 |      23 |       3 |  11.5
        D:4 |     260 |       0 |   0.0 |      23 |       0 |   0.0
        D:5 |     649 |      33 |   4.8 |      18 |       1 |   5.3
            +---------+---------+-------+---------+---------+-------

Illustrated notes

Table legend:
 A = Kills in this place as a percentage of kills in entire the game.
 B = Kills by you in this place as a percentage of kills by you in the entire game.
 C = Kills by friends in this place as a percentage of kills by friends in the entire game.
 D = Other kills in this place as a percentage of other kills in the entire game.
 E = Experience gained in this place as a percentage of experience gained in the entire game.
 F = Experience gained in this place divided by the number of levels of this place that you have seen.
                   A       B       C       D       E      F
               +-------+-------+-------+-------+-------+----------------------
         Total | 100.0 | 100.0 |   N/A |   N/A | 100.0 | 313.3
       Dungeon | 100.0 | 100.0 |   N/A |   N/A | 100.0 | 376.0
               +-------+-------+-------+-------+-------+----------------------

Table legend: (Time is in decaauts)
 A = Elapsed time spent in this place.
 B = Non-inter-level travel time spent in this place.
 C = Inter-level travel time spent in this place.
 D = Time resting spent in this place.
 E = Time spent auto-exploring this place.
 F = Levels seen in this place.
 G = Mean time per level.
                   A        B        C        D        E       F      G
               +--------+--------+--------+--------+--------+-----+--------+
         Total |   5733 |   5592 |    141 |    909 |   3631 |   6 |  955.5 |
       Dungeon |   5153 |   5012 |    141 |    429 |   3623 |   5 | 1030.6 |
        Temple |    579 |    579 |      0 |    480 |      8 |   1 |  579.0 |
               +--------+--------+--------+--------+--------+-----+--------+

Top non-repeatable levels by time:
     D:5: 1278 daAuts
     D:3: 1243 daAuts
     D:2: 950 daAuts
     D:4: 918 daAuts
     D:1: 763 daAuts
  Temple: 579 daAuts
